 Dungeon Sprint DCSS version 0.17-a0-1570-g74b7129 (webtiles) character file.

27575 tt080 the Bludgeoner (level 13, -4/139 HPs)
             Began as a Deep Dwarf Gladiator on July 23, 2015.
             Was the Champion of Makhleb.
             Shot with a bolt by a naga sharpshooter (7 damage)
             ... in the Dungeon (Sprint IX: "|||||||||||||||||||||||||||||").
             The game lasted 00:13:01 (1598 turns).

tt080 the Bludgeoner (Deep Dwarf Gladiator)         Turns: 1598, Time: 00:13:01

Health: -4/139     AC: 20    Str: 28    XL:     13   Next: 5%
Magic:  11/11      EV: 17    Int:  8    God:    Makhleb [******]
Gold:   63         SH:  0    Dex: 15    Spells: 0 memorised, 12 levels left

rFire  . . .     SeeInvis +     d - +0 great mace
rCold  . . .     Clarity  .     s - +1 chain mail
rNeg   . . .     SustAt   .     (no shield)
rPois  .         Gourm    .     K - +2 helmet {SInv}
rElec  .         Spirit   .     (no cloak)
rCorr  .         Warding  .     (no gloves)
rMut   .         NoTele   +     q - +1 pair of boots
MR     +....                    (no amulet)
Stlth  ++........               t - +3 ring of strength
                                H - +2 ring of strength

@: lethally poisoned (-4 -> -4), very slightly contaminated, non-regenerating,
somewhat resistant to hostile enchantments, unstealthy
A: damage resistance, recharge devices, sense surroundings 2, slow healing 3
a: Device Recharging, Minor Destruction, Lesser Servant of Makhleb, Major
Destruction, Greater Servant of Makhleb, Renounce Religion


You were in the Dungeon.
You worshipped Makhleb.
Makhleb was exalted by your worship.
You were very hungry.

You visited 1 branch You collected 1923 gold pieces.
You spent 1860 gold pieces at shops.

Inventory:

Hand weapons
 a - a +0 flail
 d - a +0 great mace (weapon)
 p - a +2 dire flail of crushing
 I - a +1 lajatang
Missiles
 C - a throwing net (quivered)
Armour
 b - a +0 leather armour
 c - a +0 helmet
 q - a +1 pair of boots (worn)
 r - a +0 helmet
 s - a +1 chain mail (worn)
 D - a +2 hat
 J - a +1 large shield
 K - a +2 helmet of see invisible (worn)
Magical staves
 o - an uncursed staff of energy
Rods
 h - a +1 rod of the swarm (11/11)
   (You bought it in a shop in the Dungeon)
 B - a +0 lightning rod (9/9)
   (You bought it in a shop in the Dungeon)
Jewellery
 t - a +3 ring of strength (right hand)
 u - a +3 ring of intelligence
 E - an uncursed ring of ice
 F - an uncursed ring of ice
 G - an uncursed ring of fire
 H - a +2 ring of strength (left hand)
Magical devices
 e - a wand of heal wounds (2)
 n - a wand of draining (7)
Scrolls
 k - 6 scrolls of remove curse
 l - 2 scrolls of blinking
 m - 2 scrolls of amnesia
 x - 3 scrolls of fog
 y - 2 scrolls of enchant weapon
Potions
 g - a potion of curing
 i - 5 potions of haste
 j - 4 potions of magic
 v - 2 potions of brilliance
 w - a potion of agility
 L - 2 potions of berserk rage
 M - a potion of resistance
Comestibles
 f - 13 bread rations
 z - 39 fruits
 A - 12 meat rations


   Skills:
 + Level 15.2 Fighting
 + Level 20.3 Maces & Flails
 - Level 4.5 Throwing
 + Level 14.9 Armour
 + Level 14.6 Dodging
 - Level 10.4 Stealth
 - Level 5.1 Evocations


You had 12 spell levels left.
You didn't know any spells.

Dungeon Overview and Level Annotations

Branches:
Dungeon (1/1)

Altars:
Cheibriados
Dithmenos
Elyvilon
Fedhas
Gozag
Kikubaaqudgha
Makhleb
Nemelex Xobeh
Okawaru
Qazlal
Ru
Sif Muna
Trog
Vehumet
Xom
Yredelemnul
Zin
The Shining One
Beogh
Jiyva
Lugonu

Shops:
D (*}*


Innate Abilities, Weirdness & Mutations

You are resistant to damage.
You can recharge devices by infusing magical energy.
You passively map the area around you.
You do not heal naturally.


Message History

You feel better.
The naga sharpshooter shoots a bolt.
The bolt hits you.
* * * LOW HITPOINT WARNING * * *
The bolt burns you.
Use which ability? (? or * to list) Charge which item? (? for menu, Esc to quit)
Your wand of heal wounds (0) glows for a moment and now has 3 charges.
The naga sharpshooter spits poison at you.
The splash of poison hits you!
You are poisoned.
* * * LOW HITPOINT WARNING * * *
Evoke which item? (* to show all) (? for menu, Esc to quit)
Zapping:
e - a wand of heal wounds (3)
Press: ? - help, Shift-Dir - straight line, f - you You feel much better.
This wand has 2 charges left.
The naga sharpshooter gestures wildly while chanting.
The naga sharpshooter magically shoots a bolt.
The bolt hits you!!
* * * LOW HITPOINT WARNING * * *
The bolt burns you!
You die...

, ,
,▓S▓.▓)▓.▓)▓.▓.▓.▓_
▓.▓.▓)▓.▓)▓.▓.▓.▓_ ,
*
,▓.▓.▓)▓.▓)▓.▓.▓.▓'
,
,▓S▓.▓)▓.▓)▓.▓.▓.▓.
▓N▓.▓)▓.▓)▓.▓(▓.▓. *
* *,
▓S▓.▓.▓.▓)▓.▓)▓.▓. ,
, ▓N▓.▓.▓†▓)▓.▓.▓.▓.
, *+
,▓N▓.▓.▓.▓.▓.▓.▓.▓.
, *
▓@▓.▓.▓.▓.▓.▓.▓.▓) *
, ,* *
▓(▓.▓.▓.▓.▓.▓.▓.▓( *
* , ,*
▓.▓.▓'▓.▓.▓.▓.▓.▓. *
▓.▓.▓.▓.▓.▓.▓.▓.▓) ,
*,
,▓.▓.▓.▓.▓.▓.▓'▓.▓)
*, ,
,▓.▓.▓.▓.▓.▓.▓.▓.▓(
, *
*,▓.▓.▓.▓.▓.▓.▓.▓.▓'
, , *
▓.▓.▓.▓.▓.▓.▓.▓.▓. *
*,
▓.▓.▓.▓.▓.▓.▓.▓.▓.


You could see 2 naga sharpshooters, a shock serpent, a black mamba and a naga
mage.

Vanquished Creatures
  Gastronok (D)
  A frost giant (D)
  A very ugly thing (D)
  A great orb of eyes (D)
  A fire dragon (D)
  An ettin (D)
  Josephine (D)
  Harold (D)
  2 naga warriors (D)
  A centaur warrior (D)
  A hydra (D)
  2 orc high priests (D)
  A hell knight (D)
  An unseen horror (D)
  A wizard (D)
  A griffon (D)
  A cyclops (D)
  8 elephants (D)
  12 orc knights (D)
  A naga mage (D)
  Joseph (D)
  3 spiny frogs (D)
  A guardian serpent (D)
  A komodo dragon (D)
  2 trolls (D)
  A slime creature (D)
  A yak (D)
  5 wraiths (D)
  A basilisk (D)
  A wolf (D)
  13 orc warriors (D)
  A porcupine (D)
  A sky beast (D)
  A water moccasin (D)
  An ogre (D)
  A crocodile (D)
  3 giant frogs (D)
  A wight (D)
  A killer bee (D)
  A crimson imp (D)
  A jelly (D)
  An orc priest (D)
  2 iguanas (D)
  An orc wizard (D)
  2 adders (D)
  2 river rats (D)
  A shadow imp (D)
  12 orcs (D)
  A bat (D)
  A giant cockroach (D)
  A goblin (D)
  3 hobgoblins (D)
  2 kobolds (D)
  A giant gecko zombie (D)
  A rat (D)
113 creatures vanquished.

Vanquished Creatures (others)
  A very ugly thing (D)
1 creature vanquished.

Grand Total: 114 creatures vanquished

Notes
Turn   | Place    | Note
--------------------------------------------------------------
     0 | D        | tt080 the Deep Dwarf Gladiator began the quest for the Orb.
     0 | D        | Reached XP level 1. HP: 19/19 MP: 1/1
    12 | D        | Reached skill level 4 in Dodging
    31 | D        | Noticed a sky beast
    35 | D        | Reached XP level 2. HP: 26/26 MP: 2/2
    53 | D        | Killed a sky beast
    53 | D        | Reached skill level 6 in Maces & Flails
    53 | D        | Reached skill level 7 in Dodging
    53 | D        | Reached skill level 1 in Stealth
    53 | D        | Reached XP level 3. HP: 32/34 MP: 3/3
    53 | D        | Reached XP level 4. HP: 39/42 MP: 4/4
    64 | D        | Found a glowing silver altar of Zin.
    64 | D        | Found a glowing golden altar of the Shining One.
    64 | D        | Found an ancient bone altar of Kikubaaqudgha.
    64 | D        | Found a basalt altar of Yredelemnul.
    64 | D        | Found a shimmering altar of Xom.
    64 | D        | Found a radiant altar of Vehumet.
    65 | D        | Found an iron altar of Okawaru.
    66 | D        | Found a burning altar of Makhleb.
    67 | D        | Found a deep blue altar of Sif Muna.
    68 | D        | Found a bloodstained altar of Trog.
    69 | D        | Found a sparkling altar of Nemelex Xobeh.
    70 | D        | Found a white marble altar of Elyvilon.
    71 | D        | Found a roughly hewn altar of Beogh.
    72 | D        | Found a viscous altar of Jiyva.
    73 | D        | Found a corrupted altar of Lugonu.
    74 | D        | Became a worshipper of Makhleb the Destroyer
    75 | D        | Found a blossoming altar of Fedhas.
    76 | D        | Found a snail-covered altar of Cheibriados.
    77 | D        | Found a shadowy altar of Dithmenos.
    78 | D        | Found a stormy altar of Qazlal.
    79 | D        | Found an opulent altar of Gozag.
    80 | D        | Found a sacrificial altar of Ru.
   136 | D        | Noticed a killer bee
   146 | D        | Acquired Makhleb's first power
   156 | D        | Killed a killer bee
   156 | D        | Reached XP level 5. HP: 24/49 MP: 5/5
   157 | D        | Acquired Makhleb's second power
   157 | D        | Reached skill level 8 in Dodging
   164 | D        | Killed an unseen horror
   164 | D        | Reached skill level 5 in Fighting
   164 | D        | Reached skill level 9 in Maces & Flails
   164 | D        | Reached skill level 5 in Armour
   164 | D        | Reached skill level 10 in Dodging
   164 | D        | Reached XP level 6. HP: 29/62 MP: 6/6
   164 | D        | Reached XP level 7. HP: 31/68 MP: 7/7
   171 | D        | Noticed an ogre
   171 | D        | Noticed a troll
   171 | D        | Noticed a troll
   171 | D        | Noticed a jelly
   171 | D        | Noticed a giant frog
   173 | D        | Killed a giant frog
   173 | D        | Acquired Makhleb's third power
   173 | D        | Reached skill level 10 in Maces & Flails
   177 | D        | Killed a jelly
   184 | D        | Killed a troll
   189 | D        | Killed a troll
   189 | D        | Acquired Makhleb's fourth power
   189 | D        | Reached skill level 11 in Maces & Flails
   189 | D        | Reached XP level 8. HP: 35/80 MP: 8/8
   193 | D        | Killed an ogre
   306 | D        | Noticed a porcupine
   306 | D        | Noticed a wolf
   306 | D        | Noticed an iguana
   306 | D        | Noticed a spiny frog
   306 | D        | Noticed an iguana
   306 | D        | Noticed a komodo dragon
   307 | D        | Noticed a six-headed hydra
   312 | D        | Killed a komodo dragon
   313 | D        | Killed an iguana
   321 | D        | Noticed a spiny frog
   323 | D        | Killed a spiny frog
   323 | D        | Acquired Makhleb's fifth power
   331 | D        | Killed a six-headed hydra
   331 | D        | Reached skill level 12 in Maces & Flails
   331 | D        | Gained mutation: You passively map the area around you. [Deep Dwarf growth]
   331 | D        | Reached XP level 9. HP: 36/90 MP: 9/9
   340 | D        | Killed an iguana
   347 | D        | Killed a wolf
   348 | D        | Killed a porcupine
   348 | D        | Reached skill level 1 in Evocations
   356 | D        | Killed a spiny frog
   356 | D        | Reached skill level 10 in Armour
   368 | D        | Noticed a griffon
   368 | D        | Noticed a water moccasin
   368 | D        | Noticed a basilisk
   368 | D        | Noticed a giant frog
   368 | D        | Noticed a spiny frog
   373 | D        | Noticed a crocodile
   374 | D        | Killed a spiny frog
   374 | D        | Reached skill level 13 in Maces & Flails
   378 | D        | Killed a giant frog
   379 | D        | Noticed a giant frog
   380 | D        | Noticed a yak
   385 | D        | Killed a griffon
   403 | D        | Killed a basilisk
   403 | D        | Reached XP level 10. HP: 28/102 MP: 11/11
   411 | D        | Killed a water moccasin
   416 | D        | Killed a crocodile
   421 | D        | Killed a giant frog
   425 | D        | Killed a yak
   438 | D        | Noticed an elephant
   438 | D        | Noticed an elephant
   438 | D        | Noticed an elephant
   438 | D        | Noticed an elephant
   438 | D        | Noticed an elephant
   438 | D        | Noticed an elephant
   439 | D        | Noticed an elephant
   444 | D        | Killed an elephant
   444 | D        | Reached skill level 10 in Fighting
   444 | D        | Reached skill level 14 in Maces & Flails
   449 | D        | Killed an elephant
   455 | D        | Killed an elephant
   461 | D        | Killed an elephant
   468 | D        | Killed an elephant
   475 | D        | Killed an elephant
   481 | D        | Killed an elephant
   481 | D        | Reached skill level 15 in Maces & Flails
   482 | D        | Noticed an elephant
   496 | D        | Killed an elephant
   547 | D        | Noticed a wraith
   558 | D        | Killed a wraith
   560 | D        | Noticed a wraith
   561 | D        | Noticed a wraith
   562 | D        | Noticed Josephine
   563 | D        | Noticed a wraith
   568 | D        | Killed a wraith
   575 | D        | Killed Josephine
   575 | D        | Reached XP level 11. HP: 80/114 MP: 12/12
   579 | D        | Killed a wraith
   582 | D        | Killed a wraith
   584 | D        | Noticed a wraith
   589 | D        | Killed a wraith
   645 | D        | Noticed an orc knight
   657 | D        | Killed an orc knight
   657 | D        | Reached skill level 16 in Maces & Flails
   661 | D        | Noticed an orc priest
   664 | D        | Noticed an orc wizard
   667 | D        | Noticed an orc knight
   678 | D        | Killed an orc priest
   679 | D        | Killed an orc wizard
   693 | D        | Killed an orc knight
   725 | D        | Noticed an orc warrior
   725 | D        | Noticed an orc warrior
   725 | D        | Noticed an orc high priest
   725 | D        | Noticed an orc warrior
   725 | D        | Noticed an orc knight
   725 | D        | Noticed an orc high priest
   727 | D        | Noticed an orc warrior
   729 | D        | Killed an orc high priest
   744 | D        | Killed an orc knight
   750 | D        | Killed an orc warrior
   751 | D        | Noticed an orc warrior
   757 | D        | Killed an orc high priest
   757 | D        | Reached skill level 17 in Maces & Flails
   759 | D        | Noticed an orc warrior
   764 | D        | Killed an orc warrior
   771 | D        | Killed an orc warrior
   773 | D        | Noticed an orc warrior
   777 | D        | Killed an orc warrior
   785 | D        | Killed an orc warrior
   791 | D        | Killed an orc warrior
   800 | D        | Killed an orc warrior
   832 | D        | Found Gom Zoip's General Store.
   832 | D        | Noticed an orc warrior
   832 | D        | Noticed an orc knight
   832 | D        | Noticed an orc knight
   832 | D        | Noticed an orc knight
   832 | D        | Noticed an orc knight
   833 | D        | Noticed an orc warrior
   836 | D        | Noticed an orc knight
   848 | D        | Killed an orc knight
   849 | D        | Found Poekhag's Gadget Shop.
   858 | D        | Killed an orc knight
   861 | D        | Noticed an orc warrior
   863 | D        | Noticed an orc warrior
   869 | D        | Killed an orc knight
   875 | D        | Killed an orc knight
   876 | D        | Found Motyot's General Store.
   879 | D        | Killed an orc knight
   880 | D        | Killed an orc warrior
   887 | D        | Killed an orc warrior
   888 | D        | Found Egacw's Antique Weapon Shop.
   889 | D        | Killed an orc warrior
   893 | D        | Killed an orc warrior
   896 | D        | Noticed an orc knight
   897 | D        | Noticed an orc warrior
   898 | D        | Noticed an orc knight
   902 | D        | Noticed an orc knight
   908 | D        | Killed an orc knight
   908 | D        | Reached skill level 18 in Maces & Flails
   929 | D        | Killed an orc knight
   937 | D        | HP: 1/117 [orc knight/great sword of electrocution (21)]
   940 | D        | Killed an orc knight
   940 | D        | Reached XP level 12. HP: 30/127 MP: 14/14
   947 | D        | Killed an orc warrior
  1087 | D        | Bought a +1 rod of the swarm (11/11) for 1020 gold pieces
  1087 | D        | Bought a +0 lightning rod (9/9) for 840 gold pieces
  1121 | D        | Noticed Joseph
  1129 | D        | Killed Joseph
  1140 | D        | Noticed Harold
  1153 | D        | Killed Harold
  1185 | D        | Noticed Gastronok
  1208 | D        | Killed Gastronok
  1310 | D        | Noticed a cyclops
  1310 | D        | Noticed an orc knight
  1310 | D        | Noticed a slime creature
  1310 | D        | Noticed a fire dragon
  1310 | D        | Noticed an orc warrior
  1310 | D        | Noticed a wight
  1313 | D        | Killed a wight
  1314 | D        | Noticed a centaur warrior
  1321 | D        | Noticed a wizard
  1327 | D        | Noticed a brown very ugly thing
  1331 | D        | Killed a fire dragon
  1331 | D        | Reached skill level 19 in Maces & Flails
  1334 | D        | Killed a slime creature
  1338 | D        | Noticed a cyan very ugly thing
  1340 | D        | Killed an orc knight
  1341 | D        | Noticed a crimson imp
  1343 | D        | Killed an orc warrior
  1345 | D        | Killed a cyclops
  1346 | D        | Noticed a hell knight
  1347 | D        | Noticed an ettin
  1354 | D        | Killed a brown very ugly thing
  1355 | D        | Noticed a great orb of eyes
  1370 | D        | Killed a brown very ugly thing
  1370 | D        | Reached skill level 5 in Stealth
  1377 | D        | Killed a centaur warrior
  1378 | D        | Killed a wizard
  1382 | D        | Killed a hell knight
  1384 | D        | Noticed a frost giant
  1386 | D        | Killed an ettin
  1388 | D        | Killed a crimson imp
  1406 | D        | Killed a great orb of eyes
  1421 | D        | Killed a frost giant
  1421 | D        | Reached skill level 15 in Fighting
  1421 | D        | Reached skill level 20 in Maces & Flails
  1421 | D        | Reached skill level 5 in Evocations
  1542 | D        | Noticed a black mamba
  1542 | D        | Noticed a naga warrior
  1542 | D        | Noticed a naga sharpshooter
  1542 | D        | Noticed a naga mage
  1542 | D        | Noticed a naga mage
  1542 | D        | Noticed a guardian serpent
  1549 | D        | Noticed a naga warrior
  1550 | D        | Killed a naga mage
  1550 | D        | Reached skill level 10 in Stealth
  1553 | D        | Noticed a naga sharpshooter
  1555 | D        | Killed a guardian serpent
  1556 | D        | Noticed a shock serpent
  1564 | D        | HP: 5/130 [naga sharpshooter/bolt (20)]
  1564 | D        | HP: 1/130 [naga sharpshooter/bolt (4)]
  1579 | D        | Killed a naga warrior
  1579 | D        | Reached XP level 13. HP: 29/138 MP: 12/12
  1589 | D        | HP: 5/138 [naga sharpshooter/bolt (18)]
  1590 | D        | Killed a naga warrior
  1598 | D        | HP: 3/139 [naga sharpshooter/bolt (24)]
  1598 | D        | Shot with a bolt by a naga sharpshooter

Vault maps used:
D:        linesprint

Action                   |  1- 3 |  4- 6 |  7- 9 | 10-12 | 13-15 || total
-------------------------+-------+-------+-------+-------+-------++-------
Melee: Flail             |    33 |       |       |       |       ||    33
       Dire flail        |       |    27 |    88 |   376 |       ||   491
       Great mace        |       |       |       |    66 |    12 ||    78
Throw: Throwing net      |     3 |       |       |       |       ||     3
 Abil: Device Recharging |       |       |       |     4 |     1 ||     5
Evoke: Wand              |       |       |     1 |    12 |     3 ||    16
  Use: Potion            |     1 |       |     4 |     4 |     2 ||    11
       Scroll            |       |       |       |     3 |       ||     3
 Stab: Held in net/web   |     1 |       |       |       |       ||     1
       Invisible         |       |       |       |    14 |       ||    14
  Eat: Chunk             |       |       |       |     2 |       ||     2
       Fruit             |       |       |       |     1 |       ||     1
